 Dungeon Crawl Stone Soup version 0.31-a0-986-g5e6e4ef867 (webtiles) character file.

Game seed: 2645060457698056059

177 CowFu the Changeling (level 5, -1/45 HPs)
             Began as a Draconian Shapeshifter on Nov 17, 2023.
             Slain by a gnoll
             ... wielding a +0 flail
             ... led by a gnoll sergeant
              (2 damage)
             ... on level 4 of the Dungeon.
             The game lasted 00:04:40 (2318 turns).

CowFu the Changeling (Draconian Shapeshifter)       Turns: 2318, Time: 00:04:41

Health: -1/45      AC:  5    Str: 25    XL:     5   Next: 30%
Magic:  0/1        EV: 12    Int: 10    God:
Gold:   79         SH:  0    Dex: 10    Spells: 4/4 levels left

rFire   . . .        f - +2 mace (antimagic)
rCold   . . .        (no shield)
rNeg    . . .        (body armour unavailable)
rPois   .            (helmet currently unavailable)
rElec   .            (cloak currently unavailable)
rCorr   .            (gloves currently unavailable)
SInv    .            (boots currently unavailable)
Will    .....        k - amulet of guardian spirit
Stlth   +            o - +6 ring of strength
HPRegen 0.27/turn    (no ring)
MPRegen 0.07/turn

%: guardian spirit
@: beast-form
A: beast (slay +2), AC +5, unfitting armour, cold-blooded
a: Begin Untransformation


You were on level 4 of the Dungeon.
You were a hulking beast.
You visited 1 branch of the dungeon, and saw 4 of its levels.

You collected 79 gold pieces.

Inventory:

Hand Weapons
 f - a +2 antimagic mace (weapon)
 i - a +2 dagger of protection
Jewellery
 k - an amulet of guardian spirit (around neck)
 o - a +6 ring of strength (left hand)
Talismans
 b - a beast talisman
 c - a flux talisman
Scrolls
 d - 2 scrolls of identify {unknown}
 e - 2 scrolls of enchant armour {unknown}
 g - a scroll of vulnerability {unknown}
 h - a scroll of blinking {unknown}
 j - a scroll of teleportation {unknown}
 l - a scroll of poison {unknown}
Potions
 a - a potion of lignification
 m - a potion of degeneration {unknown}
 n - a potion of attraction {unknown}


   Skills:
 + Level 3.3 Fighting
 + Level 3.1 Dodging
 - Level 3.1 Unarmed Combat
 + Level 4.0 Shapeshifting


You had 4 spell levels left.
You didn't know any spells.
Your spell library contained the following spells:

 Spells                   Type           Power      Damage    Failure   Level
 Freeze                   Ice            0%         1d3       36%         1
 Sublimation of Blood     Necr           0%         N/A       50%         2
 Wereblood                Tmut           0%         N/A       50%         2
 Vhi's Electric Charge    Tloc/Air       0%         N/A       98%         4
 Arcjolt                  Conj/Air       0%         1d10      100%        5
 Summon Hydra             Summ           0%         N/A       100%        7
 Maxwell's Capacitive Co  Air            0%         ∞         100%        8


Dungeon Overview and Level Annotations

Branches:
Dungeon (4/15)
 Temple: D:4-7

Altars:

Shops:
D:1 (


Innate Abilities, Weirdness & Mutations

You are a hulking beast.
Your limbs bulge with bestial killing power. (Slay +2)
Your plain brown scales are hard. (AC +5)
You cannot fit into any form of body armour.
You are cold-blooded and may be slowed by cold attacks.


Message History

The gnoll sergeant completely misses the plant.
Found a stone staircase leading up.
A gnoll comes into view. It is wielding a +0 flail.
You hit the gnoll.
The gnoll is moderately wounded.
Something hits the plant!
The plant begins to die.
The gnoll barely misses you. The gnoll closely misses you.
You sock the gnoll!
You kill the gnoll!
Something hits the plant!
The plant begins to die.
Your Shapeshifting skill increases to level 4!
A nearby plant withers and dies.
The gnoll sergeant hits you from afar with a +0 spear.
The gnoll sergeant attacks as it pursues you!
The gnoll sergeant hits you from afar with a +0 spear.
The gnoll sergeant attacks as it pursues you!
The gnoll sergeant hits you from afar with a +0 spear.
The gnoll sergeant hits you with a +0 spear.
You barely miss the gnoll sergeant. You tail-slap the gnoll sergeant.
The gnoll sergeant is lightly wounded.
The gnoll sergeant hits you with a +0 spear.
You hit the gnoll sergeant but do no damage.
You tail-slap the gnoll sergeant, but do no damage.
The gnoll sergeant is lightly wounded.
A gnoll comes into view. It is wielding a +0 flail.
The gnoll sergeant barely misses you. The gnoll hits you with a +0 flail.
The gnoll sergeant hits you with a +0 spear!
You closely miss the gnoll sergeant.
You tail-slap the gnoll sergeant, but do no damage.
The gnoll sergeant is lightly wounded.
The gnoll closely misses you.
The gnoll sergeant hits you with a +0 spear!
* * * LOW HITPOINT WARNING * * *
The gnoll barely misses you.
You sock the gnoll sergeant!
The gnoll sergeant is heavily wounded.
The gnoll sergeant hits you with a +0 spear!
* * * LOW HITPOINT WARNING * * *
The gnoll hits you with a +0 flail.
You die...

#.##########
#..........#
###.......#
#.....<..##
#?##..##.# < #.##.###
# #.^ #.##.#.#.#..
.....#####.g.........
.........g.gh........
......).#####....###.
..P.P.P.. #.#.##
.P....PP.# #.###
.P...PPP.# #.#
.P.......# ..#
....P..P.# .##
.P..P.PP.# .


You could see a gnoll sergeant and 2 gnolls.

Vanquished Creatures
  A scorpion (D:4)
  An orc priest (D:4)
  A gnoll (D:4)
  3 adders (D:2)
  A dart slug (D:1)
  3 orcs (D:4)
  5 endoplasms
  3 hobgoblins
  3 jackals (D:1)
  6 kobolds
  2 quokkas (D:1)
  9 ball pythons
  7 bats
  A frilled lizard (D:2)
  3 goblins
49 creatures vanquished.

Notes
Turn   | Place    | Note
-------+----------+-------------------------------------------
     0 | D:1      | CowFu the Draconian Shapeshifter began the quest for the
                  | Orb.
     0 | D:1      | Reached XP level 1. HP: 16/16 MP: 1/1
    87 | D:1      | Reached XP level 2. HP: 21/23 MP: 2/2
   372 | D:1      | Found Gexihabb's Antique Weapon Shop.
   504 | D:2      | Identified the of Wouc
   524 | D:2      | Reached XP level 3. HP: 18/29 MP: 1/3
   658 | D:2      | Found a faded altar of an unknown god.
  1999 | D:4      | Reached XP level 4. HP: 16/37 MP: 1/4
  2175 | D:4      | Noticed a scorpion
  2188 | D:4      | Killed a scorpion
  2189 | D:4      | Reached XP level 5. HP: 23/45 MP: 1/5
  2308 | D:4      | Reached skill level 4 in Shapeshifting
  2318 | D:4      | HP: 1/45 [gnoll sergeant/+0 spear (10)]
  2318 | D:4      | Slain by a gnoll

Illustrated notes

Levels and vault maps discovered:
D:1:      spicycebolla_green_bress_n_ham_2, layout_rooms, serial_shops,
          nicolae_shop_gibbet_a_chance, minmay_distorted
D:2:      layout_loops_ring, shapermc_ecumenical_altar_rom_forum,
          serial_co_window_serial, co_window_paths_b, co_window_paths_b,
          co_window_of_opportunity_a, co_window_paths_a, co_window_corner_a,
          co_window_corner_ca, co_window_cross_3, co_window_broadway_a,
          co_window_of_opportunity_c, co_window_unsneaky_path_a,
          co_window_of_opportunity_c, co_window_unsneaky_path_a,
          co_window_4corner_a, glass_columns_b, glass_columns_b
D:3:      layout_rooms, serial_rivers, chequers_serial_rivers_micro_d,
          chequers_serial_rivers_micro_e, chequers_serial_rivers_room_a,
          chequers_serial_rivers_micro_e, ebering_ghost_sewer_d,
          nicolae_figureground_pulse
D:4:      kb_forest_paths, layout_loops_corners, nicolae_ossuary_entry_plus,
          nicolae_grassy_gnolls

Skill      XL: |  1  2  3  4  5 |
---------------+----------------+-----
Dodging        | 2 3 |  3.1
Fighting       | 2 3 |  3.3
Shapeshifting  | 4 |  4.0
Unarmed Combat | |  3.1

Action                     |  1- 3 |  4- 6 || total
---------------------------+-------+-------++-------
  Melee: Unarmed           |    31 |       ||    31
         Mace              |    68 |    32 ||   100
         Dagger            |     1 |       ||     1
         Tailslap          |     3 |     4 ||     7
         Punch             |     2 |     1 ||     3
 Armour: Skin              |    87 |    26 ||   113
  Dodge: Dodged            |    69 |    18 ||    87

Table legend: (Time is in decaauts)
 A = Elapsed time spent in this place.
 B = Non-inter-level travel time spent in this place.
 C = Inter-level travel time spent in this place.
 D = Time resting spent in this place.
 E = Time spent auto-exploring this place.
 F = Levels seen in this place.
 G = Mean time per level.
                   A        B        C        D        E       F      G
               +--------+--------+--------+--------+--------+-----+--------+
         Total |   2353 |   2254 |     99 |      0 |   1640 |   4 |  588.2 |
       Dungeon |   2353 |   2254 |     99 |      0 |   1640 |   4 |  588.2 |
               +--------+--------+--------+--------+--------+-----+--------+

Top non-repeatable levels by time:
     D:2: 1463 daAuts
     D:1: 507 daAuts
     D:4: 334 daAuts
     D:3: 49 daAuts
